 Dungeon Crawl Stone Soup version 0.28-a0-998-gb9e9c7b67e (webtiles) character file.

Game seed: 7250882902312162805

20728 bearlyready the Arsonist (level 12, -7/101 HPs)
             Began as a Red Draconian Fire Elementalist on Dec 5, 2021.
             Was an Initiate of Gozag.
             Mangled by a cane toad (16 damage)
             ... on level 2 of the Lair of Beasts.
             The game lasted 00:31:58 (17801 turns).

bearlyready the Arsonist (DrFE)                    Turns: 17801, Time: 00:31:58

Health: -7/101     AC:  9    Str: 10    XL:     12   Next: 47%
Magic:  3/21       EV: 12    Int: 27    God:    Gozag
Gold:   3276       SH:  5    Dex: 12    Spells: 13/23 levels left

rFire   + + .      SeeInvis .   a - +2 dagger (elec)
rCold   x . .      Faith    .   I - +0 buckler
rNeg    . . .      Spirit   .   (armour unavailable)
rPois   .          Reflect  .   (helmet restricted)
rElec   .          Harm     .   d - +0 cloak
rCorr   .          Rampage  .   (no gloves)
Will    .....                   (no boots)
Stlth   ++........              (no amulet)
HPRegen 0.26/turn               c - +6 ring of intelligence
MPRegen 0.17/turn               F - ring of fire

@: gold aura
A: breathe fire, AC +8, unfitting armour, fire resistance 1, cold-blooded
a: Breathe Fire, Renounce Religion, Potion Petition, Call Merchant, Bribe Branch


You were on level 2 of the Lair of Beasts.
You worshipped Gozag.
Gozag was most pleased with you.
You visited 3 branches of the dungeon, and saw 15 of its levels.

You collected 3476 gold pieces.
You spent 96 gold pieces at shops.
You paid 104 gold pieces to Gozag.

Inventory:

Hand Weapons
 a - a +2 dagger of electrocution (weapon)
 p - a +0 whip of venom
 G - a +10 quick blade
 S - a +2 scimitar of flaming
Missiles
 e - 2 atropa-tipped darts
 f - 444 stones
 D - 42 poisoned darts
 M - 19 sling bullets
 N - 2 silver boomerangs
Armour
 d - a +0 cloak (worn)
 y - a +0 kite shield
 I - a +0 buckler (worn)
 J - the +4 kite shield of Curumusa {Rampage rC- rN+}
   (You took it off a kobold on level 8 of the Dungeon)

   rC:        It makes you vulnerable to cold.
   rN:        It protects you from negative energy.
   Rampage:   It bestows one free step when moving towards enemies.
Magical Staves
 b - a staff of fire
 l - a staff of conjuration
Jewellery
 c - a +6 ring of intelligence (left hand)
 j - a ring of willpower
 w - a ring of wizardry
 F - a ring of fire (right hand)
 L - a ring of flight
 Q - the ring of Zagetun {+Blink Str+6 SInv}
   (You found it on level 10 of the Dungeon)

   [ring of strength]

   Str:       It affects your strength (+6).
   SInv:      It lets you see invisible.
   +Blink:    It lets you blink.
 T - a ring of fire
 U - a ring of positive energy
Wands
 g - a wand of polymorph (2)
 k - a wand of acid (9)
 H - a wand of digging (5)
 V - a wand of iceblast (1)
Scrolls
 i - 3 scrolls of enchant weapon
 m - 3 scrolls of enchant armour
 o - a scroll of immolation
 r - a scroll of magic mapping {unknown}
 s - a scroll of vulnerability {unknown}
 u - a scroll of amnesia {unknown}
 B - a scroll of summoning {unknown}
 C - a scroll of fear {unknown}
 E - a scroll of torment {unknown}
 K - a scroll of teleportation
Potions
 h - a potion of attraction {unknown}
 n - 6 potions of degeneration
 q - a potion of cancellation {unknown}
 t - 3 potions of lignification {unknown}
 v - a potion of mutation {unknown}
 x - 2 potions of heal wounds
 z - a potion of invisibility {unknown}
 A - 4 potions of curing
 O - a potion of magic {unknown}
 R - 3 potions of flight
 W - 3 potions of resistance


   Skills:
 + Level 8.1 Fighting
 - Level 4.0 Short Blades
 + Level 2.5 Dodging
 - Level 1.7 Stealth
 + Level 6.7 Shields
 - Level 6.0 Spellcasting
 + Level 10.3 Conjurations
 + Level 4.0 Summonings
 + Level 14.7 Fire Magic
 - Level 3.2 Evocations


You had 13 spell levels left.
You knew the following spells:

 Your Spells              Type           Power      Damage    Failure   Level
a - Foxfire               Conj/Fire      100%       2x1d9     1%          1
b - Scorch                Fire           100%       2d10      1%          2
c - Flame Wave            Conj/Fire      85%        2d12      1%          4
d - Call Canine Familiar  Summ           30%        N/A       3%          3

Your spell library contained the following spells:

 Spells                   Type           Power      Damage    Failure   Level
 Summon Small Mammal      Summ           100%       N/A       1%          1
 Static Discharge         Conj/Air       35%        N/A       1%          2
 Conjure Flame            Conj/Fire      85%        6-21      1%          3
 Inner Flame              Hex/Fire       64%        N/A       1%          3
 Sticky Flame             Conj/Fire      85%        2d10      1%          4
 Freeze                   Ice            32%        1d5       6%          1
 Hailstorm                Conj/Ice       35%        3d9       8%          4
 Summon Guardian Golem    Hex/Summ       19%        N/A       9%          3
 Sublimation of Blood     Necr           8%         N/A       10%         2
 Wereblood                Tmut           8%         N/A       10%         2
 Frozen Ramparts          Ice            16%        1d3       19%         3
 Gell's Gravitas          Tloc           8%         N/A       19%         3
 Lesser Beckoning         Tloc           8%         N/A       19%         3
 Ozocubu's Armour         Ice            8%         N/A       19%         3
 Teleport Other           Tloc           8%         N/A       19%         3
 Tukima's Dance           Hex            8%         N/A       19%         3
 Summon Ice Beast         Ice/Summ       19%        N/A       28%         4
 Dispel Undead            Necr           8%         3d8       54%         4
 Ice Form                 Ice/Tmut       8%         N/A       54%         4
 Passage of Golubria      Tloc           8%         N/A       54%         4
 Metabolic Englaciation   Hex/Ice        4%         N/A       87%         5
 Yara's Violent Unravell  Hex/Tmut       4%         3d4       87%         5
 Summon Cactus Giant      Summ           15%        N/A       88%         6
 Simulacrum               Ice/Necr       4%         N/A       100%        6
 Summon Hydra             Summ           15%        N/A       100%        7


Dungeon Overview and Level Annotations

Branches:
Dungeon (12/15)            Temple (1/1) D:6            Lair (2/6) D:9
  Swamp: Lair:2-4    Shoals: Lair:2-4     Snake: Lair:2-4    Spider: Lair:2-4
    Orc: D:9-12

Altars:
Ashenzari
Cheibriados
Dithmenos
Elyvilon
Fedhas
Gozag
Hepliaklqana
Kikubaaqudgha
Makhleb
Nemelex Xobeh
Okawaru
Qazlal
Ru
Sif Muna
Trog
Uskayaw
Vehumet
Wu Jian
Xom
Yredelemnul
Zin
The Shining One
Beogh

Shops:
D:10 *=[[

Portals:
Trove: D:11 (show slimy rune of Zot)

Annotations:
D:9 3 runed translucent doors, HuGe's ghost, novice MiBe


Innate Abilities, Weirdness & Mutations

You can breathe blasts of fire.
Your fiery red scales are hard. (AC +8)
You cannot fit into any form of body armour.
Your flesh is heat resistant. (rF+)
You are cold-blooded and may be slowed by cold attacks.


Message History

The elephant is engulfed in a cloud of scalding steam.
You kill the elephant!
The cane toad is engulfed in a cloud of scalding steam.
You block the cane toad's attack.
A wave of flame ripples out!
The flame wave engulfs the cane toad.
The cane toad is moderately wounded.
The flame wave engulfs the five-headed hydra!
The five-headed hydra is severely wounded.
The flame wave engulfs the elephant.
The elephant is moderately wounded.
You finish channelling waves of flame.
The five-headed hydra is engulfed in a cloud of scalding steam.
The five-headed hydra barely misses you.
The five-headed hydra closely misses you.
You block the five-headed hydra's attack. x2
The five-headed hydra bites you. The elephant barely misses you.
The elephant splashes around in the water.
The cane toad stings you!
* * * LOW HITPOINT WARNING * * *
Casting: Flame Wave (safe; 1% risk of failure)
Confirm with . or Enter, or press ? or * to list all spells.
Casting: Flame Wave (safe; 1% risk of failure)
Press: ? - help, Dir - look around, f - activate You feel a surge of power!
A wave of flame ripples out!
The flame wave engulfs the cane toad!
The cane toad is severely wounded.
The flame wave engulfs the five-headed hydra!!
The five-headed hydra is almost dead.
The flame wave engulfs the elephant!
The elephant is heavily wounded. (Press . to intensify the flame waves.)
The five-headed hydra bites you but does no damage. x2
The five-headed hydra bites you!
* * * LOW HITPOINT WARNING * * *
The five-headed hydra bites you but does no damage.
The five-headed hydra bites you.
* * * LOW HITPOINT WARNING * * *
The cane toad stings you!
You die...
Your body crumbles into a pile of gold.

#..#.#..#$.##..#
###.##.>........
###...≈$≈≈≈..##.
##.Y≈≈≈≈≈≈≈..#
#≈.≈≈≈≈≈≈≈≈.#.
##§§§§§§§≈≈≈.#
#≈.§§§§§§§≈≈.#
###.§§FDY§§≈≈.#
....§§$@.§§...#
..........§..##
........§§.....
............#..
.......####....
#.....# .#..
#.#..P . .
##.... .


You could see a five-headed hydra, an elephant and a cane toad.

Vanquished Creatures
  3 hydras
  A two-headed ogre (D:10)
  The ghost of Pooter the Cleaver, a novice MiFi of the Shining One (D:6)
  2 elephants
  A gargoyle (D:11)
  A black mamba (Lair:1)
  Joseph (D:7)
  3 cane toads (Lair:1)
  A rime drake (Lair:1)
  3 kobold demonologists (D:11)
  4 komodo dragons
  An efreet (D:10)
  A polar bear (D:9)
  A slime creature (D:12)
  A vampire (D:10)
  30 yaks
  3 steam dragons (D:9)
  2 wargs (D:9)
  4 vampire mosquitoes (D:11)
  Edmund (D:6)
  3 water moccasins
  3 black bears
  5 orc warriors
  2 sky beasts (D:5)
  A necrophage (D:6)
  4 ogres
  8 wolves (Lair:1)
  6 centaurs
  A phantom (D:7)
  9 bullfrogs
  2 kobold brigands
  Blork the orc (D:5)
  A wyvern zombie (D:6)
  A gnoll sergeant (D:10)
  3 scorpions
  A water moccasin skeleton (D:6)
  5 killer bees (D:8)
  19 wights
  6 centaur zombies
  A centaur skeleton (D:6)
  7 orc priests
  3 hounds
  3 jellies
  2 iguanas
  4 orc wizards
  2 hound zombies (D:5)
  A hound skeleton (D:4)
  A howler monkey zombie (D:10)
  3 adders
  3 gnolls (D:10)
  2 shadow imps
  A white imp (D:5)
  3 adder skeletons
  2 dart slugs
  14 orcs
  4 endoplasms
  2 giant cockroaches
  9 goblins
  3 hobgoblins
  3 jackals (D:2)
  2 quokkas
  9 ball pythons
  7 bats
  2 frilled lizards
  22 kobolds
  8 rats
269 creatures vanquished.

Vanquished Creatures (others)
  473 foxfires
  12 fungi
  9 plants
494 creatures vanquished.

Grand Total: 763 creatures vanquished

Notes
Turn   | Place    | Note
-------+----------+-------------------------------------------
     0 | D:1      | bearlyready the Draconian Fire Elementalist began the quest
                  | for the Orb.
     0 | D:1      | Reached XP level 1. HP: 14/14 MP: 3/3
   399 | D:1      | Reached XP level 2. HP: 20/20 MP: 1/5
  1548 | D:2      | Reached XP level 3. HP: 25/27 MP: 6/6
  2218 | D:3      | Found a faded altar of an unknown god.
  2285 | D:3      | Noticed a bullfrog
  2328 | D:3      | Reached skill level 1 in Fighting
  2645 | D:3      | Reached skill level 1 in Short Blades
  3390 | D:4      | Reached XP level 4. HP: 35/35 MP: 3/7
  3439 | D:4      | Found a blossoming altar of Fedhas.
  3442 | D:4      | Found a radiant altar of Vehumet.
  3446 | D:4      | Found a shadowy altar of Dithmenos.
  3569 | D:4      | Noticed a scorpion
  3575 | D:4      | Killed a scorpion
  3576 | D:4      | Reached skill level 4 in Fire Magic
  3576 | D:4      | Reached XP level 5. HP: 41/41 MP: 1/8
  4211 | D:4      | Found a bloodstained altar of Trog.
  4244 | D:5      | Entered Level 5 of the Dungeon
  4248 | D:5      | Noticed an ogre
  4257 | D:5      | Killed an ogre
  4258 | D:5      | Reached XP level 6. HP: 51/51 MP: 3/9
  4259 | D:5      | Found a white marble altar of Elyvilon.
  4476 | D:5      | Noticed a sky beast
  4501 | D:5      | Killed a sky beast
  4710 | D:5      | Your scales start taking on a fiery red colour.
  4710 | D:5      | Reached skill level 5 in Fire Magic
  4710 | D:5      | Reached XP level 7. HP: 50/58 MP: 4/10
  4710 | D:5      | Gained mutation: Your flesh is heat resistant. (rF+) [Red
                  | Draconian growth]
  5079 | D:5      | Noticed Blork the orc
  5103 | D:5      | Killed Blork the orc
  5317 | D:5      | Reached skill level 5 in Fighting
  5317 | D:5      | Reached skill level 6 in Fire Magic
  5602 | D:6      | Reached XP level 8. HP: 67/69 MP: 4/11
  5662 | D:6      | Found a staircase to the Ecumenical Temple.
  5677 | Temple   | Entered the Ecumenical Temple
  5894 | Temple   | Became a worshipper of Gozag Ym Sagoz the Greedy
  5995 | D:6      | Reached skill level 7 in Fire Magic
  6088 | D:6      | Learned a level 2 spell: Scorch
  6093 | D:6      | Learned a level 4 spell: Flame Wave
  6171 | D:6      | Reached skill level 5 in Conjurations
  6171 | D:6      | Reached skill level 8 in Fire Magic
  6297 | D:6      | Noticed Edmund
  6379 | D:6      | Killed Edmund
  6645 | D:6      | Found a runed translucent gate.
  6646 | D:6      | Found a runed translucent gate.
  6647 | D:6      | Found a runed translucent gate.
  6649 | D:6      | Noticed Pooter's ghost (novice MiFi)
  7025 | D:6      | Reached skill level 9 in Fire Magic
  7098 | D:7      | Identified 2 scrolls of acquirement
  7098 | D:7      | Acquired a +10 quick blade
  7101 | D:7      | Acquired 1270 gold pieces
  7327 | D:7      | Reached XP level 9. HP: 62/75 MP: 7/12
  7394 | D:7      | Reached skill level 10 in Fire Magic
  8113 | D:8      | Reached skill level 11 in Fire Magic
  8264 | D:8      | Identified the +4 kite shield of Curumusa {Rampage rC- rN+}
  8468 | D:8      | Reached XP level 10. HP: 76/83 MP: 2/13
  8469 | D:8      | Reached skill level 1 in Shields
  8885 | D:8      | Noticed Joseph
  8907 | D:7      | Killed Joseph
  9696 | D:9      | Noticed HuGe's ghost (novice MiBe)
  9702 | D:9      | Found a runed translucent gate.
  9703 | D:9      | Found a runed translucent gate.
  9703 | D:9      | Found a runed translucent gate.
  9704 | D:9      | Identified the +5 chain mail of the Tormentor {rElec MP+9
                  | Stlth+}
  9910 | D:9      | Reached skill level 12 in Fire Magic
 10105 | D:9      | Found a staircase to the Lair.
 11034 | D:9      | Reached skill level 5 in Shields
 11377 | D:10     | Entered Level 10 of the Dungeon
 11388 | D:10     | Reached skill level 13 in Fire Magic
 11401 | D:10     | Found a burning altar of Makhleb.
 11431 | D:10     | Identified the ring of Zagetun {+Blink Str+6 SInv}
 11918 | D:10     | Identified the +8 hand axe of Passoor {speed, Str+3}
 12164 | D:10     | Noticed a two-headed ogre
 12184 | D:10     | Killed a two-headed ogre
 12185 | D:10     | Reached skill level 1 in Evocations
 12185 | D:10     | Reached XP level 11. HP: 58/89 MP: 8/16
 12330 | D:10     | Found Nigor's Antique Armour Emporium.
 12363 | D:10     | Found Cefal's Antique Armour Boutique.
 12622 | D:10     | Found Umob's General Store.
 12635 | D:10     | Bought 2 potions of curing for 96 gold pieces
 12892 | D:10     | Found Isiti's Jewellery Shop.
 13174 | D:11     | Found a portal to a secret trove of treasure.
 13365 | D:11     | Noticed an eight-headed hydra
 13375 | D:11     | Killed an eight-headed hydra
 13629 | D:11     | Noticed a seven-headed hydra
 13635 | D:11     | Learned a level 3 spell: Call Canine Familiar
 13673 | D:11     | Found a shimmering blue altar of Sif Muna.
 14031 | D:11     | Noticed an eight-headed hydra
 14035 | D:11     | Reached skill level 14 in Fire Magic
 14044 | D:11     | Killed an eight-headed hydra
 14045 | D:11     | Reached skill level 1 in Summonings
 14285 | D:12     | Noticed a deep elf pyromancer
 14440 | D:12     | Reached skill level 5 in Spellcasting
 14718 | D:6      | Killed Pooter's ghost
 15132 | Lair:1   | Entered Level 1 of the Lair of Beasts
 15132 | Lair:1   | Noticed a six-headed hydra
 15138 | Lair:1   | Killed a six-headed hydra
 15775 | Lair:1   | Reached XP level 12. HP: 87/100 MP: 20/20
 15894 | Lair:1   | Identified the +1 chain mail of Tuulufugh {rElec rCorr MP+9
                  | Int-5}
 16116 | Lair:1   | Reached skill level 10 in Conjurations
 17568 | Lair:2   | Noticed a five-headed hydra
 17801 | Lair:2   | Mangled by a cane toad

Illustrated notes

Levels and vault maps discovered:
D:1:      erik_arrival_orb_chamber, layout_loops_cross, serial_aquarium,
          aquarium_bridge_long_joined [aquarium_subvault_bridge,
          aquarium_subvault_bridge, aquarium_subvault_bridge,
          aquarium_subvault_window, aquarium_subvault_bridge,
          aquarium_subvault_bridge], aquarium_window_fake, aquarium_window_fake,
          aquarium_window_fake, aquarium_view_4, aquarium_view_2c,
          minmay_pentomino_z4
D:2:      layout_loops_corners, kennysheep_generic_room_12
D:3:      layout_loops_ring, nicolae_ecumenical_pavilion,
          serial_co_window_serial, co_window_of_opportunity_a,
          co_window_paths_a, co_window_corner_a, co_window_paths_b,
          co_window_corner_a, co_window_paths_a, co_window_paths_a,
          co_window_of_opportunity_a, co_window_paths_b, co_window_corner_b,
          co_window_of_opportunity_b, co_window_paths_c, co_window_4corner_a,
          glass_columns_b, glass_columns_a, lightli_corner_chamber
D:4:      layout_cave_pools, lemuel_doored_altar, grunt_temple_overflow_diamond
D:5:      layout_basic, elyvilon_altar_1, uniq_blork_the_orc
D:6:      layout_rooms, minmay_temple_entry_fiery, gammafunk_ghost_split,
          skrybe_limestone_x, uniq_edmund
D:7:      layout_basic, enter_bailey_5
D:8:      layout_loops_ring, uniq_joseph
D:9:      kennysheep_steamy, layout_loops_corners, erik_lair_orcish_takeover,
          biasface_ghost_orc_armoury, kennysheep_small_circle
D:10:     layout_loops_ring, mainiacjoe_overflow_alcove_2, serial_shops,
          nicolae_shop_trees, shop, shop, shop_fountains, minmay_rotating_lava
D:11:     layout_basic, trove_entry_hex_spiral, led_sif_book
D:12:     layout_basic, orc_0_dummy, nicolae_alphabet_shops
Temple:   kb_temple_of_zot
Lair:1:   layout_roguey, chequers_serial_rivers_small_b, serial_bayou_pond_d,
          grunt_megastairs_4
Lair:2:   layout_loops_ring, gammafunk_ghost_grave, guppyfry_lair_drakes,
          infiniplex_staircase_pool

Skill      XL: |  1  2  3  4  5  6  7  8  9 10 11 12 |
---------------+-------------------------------------+-----
Conjurations   | 2 3 4 6 8 9 10 | 10.3
Fighting       | 1 2 3 5 6 7 8 |  8.1
Short Blades   | 1 2 3 4 |  4.0
Fire Magic     | 4 5 6 9 11 13 14 | 14.7
Shields        | 5 6 |  6.7
Spellcasting   | 3 5 6 |  6.0
Evocations     | 1 3 |  3.2
Summonings     | 2 4 |  4.0
Dodging        | 2 |  2.5
Stealth        | |  1.7

Action                   |  1- 3 |  4- 6 |  7- 9 | 10-12 || total
-------------------------+-------+-------+-------+-------++-------
Melee: Unarmed           |    27 |       |       |       ||    27
       Dagger            |    76 |    13 |   103 |   260 ||   452
       Tailslap          |     7 |       |    12 |    39 ||    58
 Cast: Foxfire           |    27 |    77 |   121 |    50 ||   275
       Flame Wave        |       |       |    11 |    54 ||    65
       Scorch            |       |       |       |     2 ||     2
 Abil: Breathe Fire      |       |       |    14 |    18 ||    32
Evoke: Wand              |       |       |       |    18 ||    18
  Use: Scroll            |       |       |     6 |     6 ||    12
       Potion            |       |       |       |     3 ||     3
 Stab: Sleeping          |     7 |       |     1 |     2 ||    10
       Paralysed         |       |       |       |     6 ||     6
Armor: Skin              |    35 |     8 |    52 |   142 ||   237
Dodge: Dodged            |    90 |    12 |   100 |   196 ||   398
Block: Buckler           |       |       |       |    93 ||    93
       Kite shield       |       |       |       |     3 ||     3

Table legend: (Time is in decaauts)
 A = Elapsed time spent in this place.
 B = Non-inter-level travel time spent in this place.
 C = Inter-level travel time spent in this place.
 D = Time resting spent in this place.
 E = Time spent auto-exploring this place.
 F = Levels seen in this place.
 G = Mean time per level.
                   A        B        C        D        E       F      G
               +--------+--------+--------+--------+--------+-----+--------+
         Total |  17743 |  16995 |    748 |   1109 |  13043 |  15 | 1182.9 |
       Dungeon |  15237 |  14559 |    678 |    926 |  11089 |  12 | 1269.8 |
        Temple |    247 |    217 |     30 |      0 |    181 |   1 |  247.0 |
          Lair |   2257 |   2218 |     39 |    183 |   1773 |   2 | 1128.5 |
               +--------+--------+--------+--------+--------+-----+--------+

Top non-repeatable levels by time:
     D:9: 2258 daAuts
  Lair:1: 1988 daAuts
    D:10: 1766 daAuts
     D:6: 1619 daAuts
     D:7: 1344 daAuts
     D:5: 1343 daAuts
    D:11: 1221 daAuts
     D:3: 1169 daAuts
     D:8: 1146 daAuts
     D:2: 1128 daAuts
     D:1: 1089 daAuts
     D:4: 869 daAuts
    D:12: 282 daAuts
  Lair:2: 268 daAuts
  Temple: 247 daAuts
